 Dungeon Crawl Stone Soup version 0.30-a0-586-g23e55c9e0a (webtiles) character file.

Game seed: 4541629108939935666

22270 Citaku the Tortoise (level 12, -3/112 HPs)
             Began as a Minotaur Fighter on Jan 3, 2023.
             Was an Elder of Wu Jian.
             Slain by a soul eater (19 damage)
             ... summoned by an orc high priest
             ... on level 2 of the Orcish Mines.
             The game lasted 00:39:19 (11019 turns).

Citaku the Tortoise (Minotaur Fighter)             Turns: 11019, Time: 00:39:19

Health: -3/112     AC: 12    Str: 28    XL:     12   Next: 61%
Magic:  11/11      EV:  9    Int:  6    God:    Wu Jian [****..]
Gold:   986        SH:  0    Dex: 12    Spells: 11/11 levels left

rFire   . . .      SeeInvis +    h - +9 executioner's axe "Wounn" {freeze, rC- rN+++ Int-5}
rCold   x . .      Faith    .    (shield currently unavailable)
rNeg    + + +      Spirit   .    q - +0 plate armour
rPois   .          Reflect  .    (helmet restricted)
rElec   .          Harm     .    y - scarf {repulsion}
rCorr   .          Rampage  .    (no gloves)
Will    +....                    b - +1 pair of boots Stlth
                                 m - amulet of regeneration
HPRegen 1.18/turn                E - +6 ring of strength
MPRegen 0.12/turn                j - +6 ring of intelligence

@: spiked, corroded, in a heavenly storm, glowing, repel missiles, serpent's
lash
A: horns 2, retaliatory headbutt, see invisible, strong-willed 1, weak 1, wild
magic 1
a: Renounce Religion, Wall Jump, Serpent's Lash


You were on level 2 of the Orcish Mines.
You worshipped Wu Jian.
Wu Jian was greatly pleased with you.
You visited 3 branches of the dungeon, and saw 15 of its levels.
You also visited: Bailey.

You collected 986 gold pieces.

Inventory:

Hand Weapons
 h - the +9 executioner's axe "Wounn" (weapon) {freeze, rC- rN+++ Int-5}
   (You acquired it on level 5 of the Dungeon)

   It freezes those it strikes, dealing additional cold damage.
   It can also slow down cold-blooded creatures.
   Int:       It affects your intelligence (-5).
   rC:        It makes you vulnerable to cold.
   rN:        It renders you almost immune to negative energy.
 C - a +3 broad axe
Missiles
 x - 3 throwing nets
Armour
 b - a +1 pair of boots (worn)
 q - a +0 plate armour (worn)
 y - a scarf of repulsion (worn)
Jewellery
 j - a +6 ring of intelligence (right hand)
 k - a ring of positive energy
 m - an amulet of regeneration (around neck)
 s - a ring of flight
 E - a +6 ring of strength (left hand)
Wands
 a - a wand of roots (11) (quivered)
 c - a wand of flame (14)
 A - a wand of acid (7)
Scrolls
 e - 2 scrolls of summoning
 f - 6 scrolls of teleportation
 l - 2 scrolls of brand weapon
 n - 3 scrolls of fear
 o - 2 scrolls of amnesia
 r - 6 scrolls of identify
 t - a scroll of immolation {unknown}
 u - 3 scrolls of vulnerability
 v - 2 scrolls of silence
 w - a scroll of fog
 B - a scroll of magic mapping
Potions
 d - a potion of berserk rage {unknown}
 g - a potion of cancellation
 i - 13 potions of curing
 z - a potion of flight {unknown}
 D - a potion of brilliance


   Skills:
 + Level 11.9 Fighting
 * Level 15.9 Axes
 * Level 16.2 Armour
 - Level 4.8 Shields


You had 11 spell levels left.
You didn't know any spells.
Your spell library contained the following spells:

 Spells                   Type           Power      Damage    Failure   Level
 Scorch                   Fire           0%         2d5       99%         2
 Dazzling Flash           Conj/Hex       0%         N/A       100%        3
 Frozen Ramparts          Ice            0%         1d1       100%        3
 Flame Wave               Conj/Fire      0%         2d4       100%        4
 Ice Form                 Ice/Tmut       0%         N/A       100%        4
 Iskenderun's Mystic Bla  Conj/Tloc      0%         2d3       100%        4
 Passage of Golubria      Tloc           0%         N/A       100%        4
 Petrify                  Tmut/Erth      0%         N/A       100%        4
 Summon Ice Beast         Ice/Summ       0%         N/A       100%        4
 Metabolic Englaciation   Hex/Ice        0%         N/A       100%        5
 Silence                  Hex/Air        0%         N/A       100%        5
 Starburst                Conj/Fire      0%         6d3       100%        6
 Statue Form              Tmut/Erth      0%         N/A       100%        6
 Summon Cactus Giant      Summ           0%         N/A       100%        6
 Malign Gateway           Summ/Tloc      0%         N/A       100%        7
 Lehudib's Crystal Spear  Conj/Erth      0%         10d2      100%        8
 Summon Horrible Things   Summ           0%         N/A       100%        8


Dungeon Overview and Level Annotations

Branches:
Dungeon (12/15)            Temple (1/1) D:6            Lair (0/5) D:11
    Orc (2/2) D:12            Elf (0/3) Orc:2        Bailey (visited)

Altars:
Ashenzari
Cheibriados
Dithmenos
Elyvilon
Fedhas
Gozag
Hepliaklqana
Kikubaaqudgha
Makhleb
Nemelex Xobeh
Okawaru
Qazlal
Ru
Sif Muna
Trog
Uskayaw
Vehumet
Wu Jian
Xom
Yredelemnul
Zin
The Shining One

Shops:
D:2 !   D:5 [?([(   D:6 [[[[   Orc:1 =   Orc:2 ??

Annotations:
Orc:2 Azrael


Innate Abilities, Weirdness & Mutations

You have a pair of horns on your head.
You reflexively headbutt those who attack you in melee.
You have supernaturally acute eyesight. (SInv)
You are strong-willed. (Will+)
You are weak. (Str -2)
Your spells are a little harder to cast, but a little more powerful.


Message History

You hear a shout! x2
The rust devil disappears in a puff of smoke!
The orc high priest no longer looks unusually strong.
The orc priest mumbles some strange prayers to Beogh against you.
Beogh smites you!
The orc high priest hits you but does no damage.
The soul eater hits you.
The red devil hits you from afar with a +0 trident of venom.
Barbed spikes become lodged in your body.
You are poisoned.
The smoke demon completely misses you. You furiously retaliate!
You headbutt the smoke demon, but do no damage.
The smoke demon hits you.
* * * LOW HITPOINT WARNING * * *
The smoke demon barely misses you.
You slash the orc priest! You freeze the orc priest.
The orc priest is almost dead.
You slash the smoke demon! You freeze the smoke demon.
You slash the orc high priest! You freeze the orc high priest.
You barely miss the soul eater.
You feel very sick.
You hear a shout!
The orc priest hits you with a +3 flail.
* * * LOW HITPOINT WARNING * * *
The soul eater hits you!
* * * LOW HITPOINT WARNING * * *
The red devil hits you from afar with a +0 trident of venom!
* * * LOW HITPOINT WARNING * * *
Barbed spikes become lodged in your body.
You are lethally poisoned!
The smoke demon hits you but does no damage. x2
The smoke demon barely misses you.
You feel better.
You hear a shout!
The orc priest looks satisfied for a moment.
The orc high priest calls down the wrath of Beogh upon you.
You easily resist.
The orc priest invokes the aid of Beogh against you.
You easily resist.
The soul eater hits you!!
You die...

.................###...........#.
................#####..........##
...............###.###..........
..............###∩.∩###.....#..#
.............###.....####.##...#
............###..#.#..# #####.##
...........###§§.§§... #
..........###)§§#3#.#...#
.........###.)§3@oo......
........###.)#§#o☼☼..#.#.
.......###..##)§4§#..o.#
......###..###...###.o.#
.....###.)###...## #oo.#
.....##).###...## #4o.
.....)..###...## #o. .......##
...# #. ...)..## .#


You could see a soul eater (summoned), an orc high priest, a smoke demon
(summoned), a red devil (summoned) and 2 orc priests.

Vanquished Creatures
  Erolcha (Orc:2)
  Harold (Orc:1)
  A boulder beetle (D:12)
  2 two-headed ogres
  An orc high priest (Orc:2)
  3 orc knights
  An orc sorcerer (Orc:2)
  A rust devil (Orc:2)
  Maggie (D:7)
  3 unseen horrors
  4 trolls
  4 wraiths
  2 spriggans (Bailey)
  4 slime creatures
  14 yaks
  A fire elemental (Orc:2)
  4 steam dragons
  9 vampire mosquitoes
  2 wargs (Orc:2)
  Duvessa (D:7)
  3 acid dragons
  A water moccasin (D:7)
  2 hell hounds (Orc:2)
  2 black bears
  24 orc warriors
  2 ice beasts
  9 ogres
  6 centaurs
  6 kobold brigands
  5 gnoll sergeants
  A bullfrog (D:8)
  A scorpion (D:5)
  13 wights
  Dowan (D:7)
  17 killer bees
  5 howler monkeys
  19 orc priests
  Crazy Yiuf (D:6)
  3 hounds
  3 gnoll boudas
  Ijyb (D:4)
  7 iguanas
  18 orc wizards
  Robin (D:3)
  5 adders
  38 gnolls
  A shadow imp (D:7)
  4 white imps
  2 ufetubi
  3 dart slugs
  67 orcs
  9 ball pythons
  9 endoplasms
  3 giant cockroaches
  21 goblins
  13 hobgoblins
  9 jackals
  32 kobolds
  2 quokkas
  4 bats
  4 frilled lizards
  8 rats
445 creatures vanquished.

Vanquished Creatures (collateral kills)
  An orc warrior (Orc:2)
  An orc wizard (Orc:2)
  An orc (Orc:2)
3 creatures vanquished.

Vanquished Creatures (others)
  An orc priest (Orc:2)
1 creature vanquished.

Grand Total: 449 creatures vanquished

Notes
Turn   | Place    | Note
-------+----------+-------------------------------------------
     0 | D:1      | Citaku the Minotaur Fighter began the quest for the Orb.
     0 | D:1      | Reached XP level 1. HP: 19/19 MP: 0/0
   294 | D:1      | Reached XP level 2. HP: 27/27 MP: 1/1
   351 | D:1      | Reached skill level 4 in Armour
   707 | D:1      | Found a faded altar of an unknown god.
   905 | D:2      | Reached XP level 3. HP: 33/33 MP: 2/2
   926 | D:2      | Found Ypteom's Distillery.
  1149 | D:2      | Identified the +10 dagger "Nofaxeal" {heavy, rPois Stlth+}
  1542 | D:3      | Reached XP level 4. HP: 40/40 MP: 3/3
  1941 | D:3      | Noticed Robin
  1944 | D:3      | Reached skill level 5 in Armour
  1956 | D:3      | Killed Robin
  1957 | D:3      | Reached XP level 5. HP: 17/41 MP: 4/4
  2120 | D:3      | Found a basalt altar of Yredelemnul.
  2376 | D:4      | Noticed Ijyb
  2382 | D:4      | Killed Ijyb
  2620 | D:4      | Noticed a black bear
  2629 | D:4      | Killed a black bear
  2630 | D:4      | Reached XP level 6. HP: 49/53 MP: 5/5
  2907 | D:4      | Reached skill level 5 in Axes
  2925 | D:4      | Reached skill level 6 in Armour
  3189 | D:5      | Entered Level 5 of the Dungeon
  3192 | D:5      | Found Osut's Magic Scroll Shoppe.
  3232 | D:5      | Identified a scroll of acquirement
  3239 | D:5      | Gained mutation: Your spells are a little harder to cast,
                  | but a little more powerful. [potion of mutation]
  3239 | D:5      | Gained mutation: Armour fits poorly on your strangely
                  | shaped body. [potion of mutation]
  3239 | D:5      | Gained mutation: You are strong-willed. (Will+) [potion of
                  | mutation]
  3240 | D:5      | Acquired the +9 executioner's axe "Wounn" {freeze, rC-
                  | rN+++ Int-5}
  3256 | D:5      | Found Binor's Antique Armour Shoppe.
  3274 | D:5      | Found Naavut's Weapon Boutique.
  3277 | D:5      | Lost mutation: Armour fits poorly on your strangely shaped
                  | body. [potion of mutation]
  3277 | D:5      | Lost mutation: You are strong-willed. (Will+) [potion of
                  | mutation]
  3277 | D:5      | Lost mutation: Your spells are a little harder to cast, but
                  | a little more powerful. [potion of mutation]
  3277 | D:5      | Gained mutation: You are weak. (Str -2) [potion of
                  | mutation]
  3277 | D:5      | Gained mutation: Your spells are a little harder to cast,
                  | but a little more powerful. [potion of mutation]
  3277 | D:5      | Gained mutation: You have supernaturally acute eyesight.
                  | (SInv) [potion of mutation]
  3277 | D:5      | Gained mutation: You are strong-willed. (Will+) [potion of
                  | mutation]
  3341 | D:5      | Reached skill level 5 in Fighting
  3446 | D:5      | Reached XP level 7. HP: 61/61 MP: 6/6
  3568 | D:5      | Noticed a +0 dagger
  3571 | D:5      | Found a hide-covered altar of Uskayaw.
  3571 | D:5      | Noticed a +0 hand axe
  3635 | D:5      | Reached skill level 7 in Armour
  3793 | D:5      | Found Tetuiropn's Armour Boutique.
  4085 | D:5      | Found Finty's Antique Weapon Shop.
  4173 | D:6      | Reached XP level 8. HP: 70/70 MP: 7/7
  4222 | D:6      | Found Zingoterch's Armour Shop.
  4224 | D:6      | Found Olecar's Antique Armour Shop.
  4225 | D:6      | Found Nitaf's Armour Shop.
  4226 | D:6      | Found Waog's Armour Shop.
  4226 | D:6      | Found an opulent altar of Gozag.
  4306 | D:6      | Reached skill level 8 in Armour
  4437 | D:6      | Found a staircase to the Ecumenical Temple.
  4840 | D:6      | Found a runed translucent door.
  4841 | D:6      | Noticed Crazy Yiuf
  4845 | D:6      | Killed Crazy Yiuf
  5118 | Temple   | Entered the Ecumenical Temple
  5226 | Temple   | Became a worshipper of the Wu Jian Council
  5379 | D:7      | Reached skill level 9 in Armour
  5413 | D:7      | Noticed Dowan
  5422 | D:7      | Killed Dowan
  5431 | D:7      | Noticed Duvessa
  5435 | D:7      | Killed Duvessa
  5452 | D:7      | Noticed Maggie
  5460 | D:7      | Killed Maggie
  5461 | D:7      | Reached XP level 9. HP: 54/79 MP: 8/8
  5604 | D:7      | Found a blossoming altar of Fedhas.
  5609 | D:7      | Found a sparkling altar of Nemelex Xobeh.
  5614 | D:7      | Found a broken altar of Ashenzari.
  5666 | D:7      | Reached * piety under Wu Jian
  5671 | D:7      | Reached skill level 10 in Armour
  5863 | D:7      | Found a flagged portal.
  5890 | Bailey   | Entered a bailey
  5992 | Bailey   | Reached skill level 10 in Axes
  6099 | Bailey   | Reached skill level 11 in Armour
  6099 | Bailey   | Noticed a two-headed ogre
  6104 | Bailey   | Killed a two-headed ogre
  6105 | Bailey   | Reached XP level 10. HP: 80/90 MP: 9/9
  6674 | D:8      | Reached ** piety under Wu Jian
  7165 | D:9      | Identified the +1 ring mail of a Labyrinth {Will+ Str+3}
  7180 | D:9      | Found an iron altar of Okawaru.
  7183 | D:9      | Found a snail-covered altar of Cheibriados.
  7196 | D:9      | You are sucked into a shaft and drop 1 floor!
  7196 | D:10     | Entered Level 10 of the Dungeon
  7241 | D:10     | Reached skill level 12 in Armour
  7444 | D:10     | Noticed a two-headed ogre
  7449 | D:10     | Killed a two-headed ogre
  7628 | D:10     | Found a stormy altar of Qazlal.
  7650 | D:10     | Reached skill level 13 in Armour
  7807 | D:10     | Reached XP level 11. HP: 96/99 MP: 10/10
  7857 | D:10     | Reached *** piety under Wu Jian
  8827 | D:11     | Reached skill level 10 in Fighting
  8919 | D:11     | Found a staircase to the Lair.
  8979 | D:11     | Reached **** piety under Wu Jian
  9046 | D:11     | Reached skill level 14 in Armour
  9297 | D:12     | Found a staircase to the Orcish Mines.
  9752 | D:12     | Noticed a boulder beetle
  9768 | D:12     | Killed a boulder beetle
  9934 | Orc:1    | Entered Level 1 of the Orcish Mines
  9948 | Orc:1    | Noticed an orc knight
  9951 | Orc:1    | Reached skill level 15 in Armour
  9951 | Orc:1    | Noticed Harold
  9956 | Orc:1    | Reached XP level 12. HP: 95/110 MP: 11/11
  9969 | Orc:1    | Killed Harold
  9969 | Orc:1    | Reached ***** piety under Wu Jian
 10025 | Orc:1    | Lost intelligence.
 10041 | Orc:1    | Found Egoamm's Jewellery Boutique.
 10163 | Orc:2    | Entered Level 2 of the Orcish Mines
 10264 | Orc:2    | Reached skill level 15 in Axes
 10331 | Orc:2    | Found a staircase to the Elven Halls.
 10491 | Orc:2    | Noticed Azrael
 10829 | Orc:2    | Noticed Erolcha
 10835 | Orc:2    | Killed Erolcha
 10964 | Orc:2    | Found Ehauroe's Magic Scroll Shop.
 10967 | Orc:2    | Found Reatusif's Magic Scroll Boutique.
 11006 | Orc:2    | Noticed an orc high priest
 11006 | Orc:2    | Noticed an orc high priest
 11013 | Orc:2    | Reached skill level 16 in Armour
 11013 | Orc:2    | Killed an orc high priest
 11019 | Orc:2    | Slain by a soul eater

Illustrated notes

Levels and vault maps discovered:
D:1:      psy_arrival_terrarium, layout_loops_corners,
          hellmonk_ecumenical_altar_crossroads, grunt_decor_one_mirror
D:2:      layout_rooms, serial_shops, nicolae_square_shop
D:3:      kennysheep_goblin_castle, layout_loops_cross,
          yredelemnul_altar_generic, guppyfry_early_orc_mine
D:4:      layout_basic, kennysheep_generic_room_5, uniq_ijyb
D:5:      layout_basic, dancing_weapons_uskayaw, serial_shops,
          nicolae_shop_crystal, nicolae_shop_bloodbath_and_beyond, shop, shop,
          shop_statue
D:6:      layout_basic, mainiacjoe_overflow_concentric_impassable,
          minmay_temple_entry_trees, minmay_shop_grid_forest,
          minmay_misc_feat_diagonals, uniq_crazy_yiuf_cottage
D:7:      layout_loops_ring, grunt_temple_overflow_diamond, enter_bailey_2,
          due_unseen_surprise, uniq_maggie, uniq_duvessa
D:8:      layout_basic
D:9:      layout_loops_ring, mainiacjoe_overflow_catwalk_spiral
D:10:     minmay_skewed_foursquare, layout_basic,
          nicolae_qazlal_general_emergency, hex_intersection,
          nicolae_figureground_sparkle
D:11:     layout_big_octagon, lair_entry_dummy
D:12:     layout_small_grid, orc_0_dummy
Temple:   dshaligram_water_room_temple
Orc:1:    layout_caves, serial_shops, nicolae_shop_crystal, uniq_harold
Orc:2:    pf_orc_diabolical, layout_diamond_mine, basic_altar, uniq_azrael,
          uniq_erolcha

Skill      XL: |  1  2  3  4  5  6  7  8  9 10 11 12 |
---------------+-------------------------------------+-----
Armour         | 4 5 6 7 9 11 13 15 16 | 16.2
Axes           | 3 4 5 7 9 11 12 14 15 | 15.9
Fighting       | 4 5 7 8 9 11 | 11.9
Shields        | 4 |  4.8

Action                   |  1- 3 |  4- 6 |  7- 9 | 10-12 || total
-------------------------+-------+-------+-------+-------++-------
Melee: War axe           |    67 |       |       |       ||    67
       Headbutt          |    13 |    18 |    19 |    59 ||   109
       Dagger            |    16 |    97 |       |       ||   113
       Executioner's axe |       |    16 |   141 |   392 ||   549
Invok: Lunge             |       |       |     8 |    48 ||    56
       Whirlwind         |       |       |     4 |    42 ||    46
       Serpent's Lash    |       |       |       |     1 ||     1
       Heavenly Storm    |       |       |       |     1 ||     1
  Use: Scroll            |       |    11 |     4 |     6 ||    21
       Potion            |       |     5 |     4 |     9 ||    18
 Stab: Invisible         |       |       |       |     3 ||     3
       Held in net/web   |       |       |       |     1 ||     1
Armor: Scale mail        |    42 |    39 |       |       ||    81
       Plate armour      |       |    45 |   111 |   271 ||   427
Dodge: Dodged            |    46 |    74 |    57 |   166 ||   343
       Repelled          |       |       |       |     2 ||     2
Block: Buckler           |    24 |    25 |       |       ||    49

Table legend: (Time is in decaauts)
 A = Elapsed time spent in this place.
 B = Non-inter-level travel time spent in this place.
 C = Inter-level travel time spent in this place.
 D = Time resting spent in this place.
 E = Time spent auto-exploring this place.
 F = Levels seen in this place.
 G = Mean time per level.
                   A        B        C        D        E       F      G
               +--------+--------+--------+--------+--------+-----+--------+
         Total |  11244 |  11244 |      0 |    608 |   6229 |  16 |  702.8 |
       Dungeon |   9688 |   9688 |      0 |    354 |   5863 |  12 |  807.3 |
        Temple |    120 |    120 |      0 |      0 |     59 |   1 |  120.0 |
  Orcish Mines |   1104 |   1104 |      0 |    155 |    267 |   2 |  552.0 |
        Bailey |    331 |    331 |      0 |     99 |     40 |   1 |  331.0 |
               +--------+--------+--------+--------+--------+-----+--------+

Top non-repeatable levels by time:
     D:6: 1127 daAuts
     D:5: 978 daAuts
     D:3: 970 daAuts
    D:10: 935 daAuts
     D:1: 921 daAuts
     D:4: 898 daAuts
   Orc:2: 863 daAuts
     D:8: 753 daAuts
     D:7: 743 daAuts
    D:12: 679 daAuts
     D:9: 653 daAuts
    D:11: 545 daAuts
     D:2: 481 daAuts
  Bailey: 331 daAuts
   Orc:1: 241 daAuts
